 Dungeon Crawl Stone Soup version 0.27-a0-1181-g5f64966fcc (webtiles) character file.

Game seed: 14678946696895050157

429 tilp the Caller (level 6, -5/108 HPs)
             Began as a Barachi Summoner on May 17, 2021.
             Slain by a troll (10 damage)
             ... on level 4 of the Dungeon.
             The game lasted 00:10:12 (6191 turns).

tilp the Caller (Barachi Summoner)                  Turns: 6191, Time: 00:10:12

Health: -5/108     AC: 23    Str: 17    XL:     6   Next: 98%
Magic:  6/10       EV:  2    Int: 15    God:
Gold:   56         SH:  0    Dex: 13    Spells: 5/11 levels left

rFire    . . .     SeeInvis .   a - +1 short sword
rCold    . . .     Faith    .   (no shield)
rNeg     + + +     Spirit   .   (armour currently unavailable)
rPois    +         Reflect  .   (helmet currently unavailable)
rElec    .         Harm     .   (cloak currently unavailable)
rCorr    .         Rampage  .   (gloves currently unavailable)
Will     .....     NoTele   +   (boots currently unavailable)
Stlth    ..........             (no amulet)
HPRegen  0.28/turn              d - +6 ring of strength
MPRegen  0.12/turn              (no ring)

@: berserking, tree-form, unable to hop, very quick
A: stationary, stasis, torment immunity, boosted hp, (amphibious), (slowness 1),
(strong legs 1), +LOS, (teleportitis 2)
a: no special abilities


You were on level 4 of the Dungeon.
You were a tree.
You visited 1 branch of the dungeon, and saw 4 of its levels.

You collected 101 gold pieces.
You spent 45 gold pieces at shops.

Inventory:

Hand Weapons
 a - a +1 short sword (weapon)
 n - a +0 morningstar
Missiles
 b - 12 poisoned darts (quivered)
Armour
 i - a +1 robe
 j - a +0 helmet (melded)
 l - a +0 ring mail (melded)
Jewellery
 d - a +6 ring of strength (left branch)
 o - a ring of protection from cold
Scrolls
 e - a scroll of enchant armour
 q - a scroll of magic mapping
Potions
 f - a potion of mutation
 g - 2 potions of might
 p - a potion of flight {unknown}


   Skills:
 - Level 4.0 Fighting
 - Level 4.0 Dodging
 - Level 4.0 Stealth
 + Level 3.0 Spellcasting
 + Level 6.0 Summonings


You had 5 spell levels left.
You knew the following spells:

 Your Spells              Type           Power      Damage    Failure   Level
a - Summon Small Mammal   Summ           80%        N/A       1%          1
b - Call Imp              Summ           20%        N/A       2%          2
c - Call Canine Familiar  Summ           20%        N/A       4%          3

Your spell library contained the following spells:

 Spells                   Type           Power      Damage    Failure   Level
 Summon Guardian Golem    Hex/Summ       11%        N/A       17%         3
 Corona                   Hex            2%         N/A       21%         1
 Ensorcelled Hibernation  Hex/Ice        4%         N/A       30%         2
 Summon Ice Beast         Ice/Summ       11%        N/A       50%         4
 Summon Lightning Spire   Summ/Air       11%        N/A       50%         4
 Confusing Touch          Hex            2%         N/A       52%         3
 Dazzling Flash           Conj/Hex       4%         N/A       52%         3
 Tukima's Dance           Hex            2%         N/A       52%         3


Dungeon Overview and Level Annotations

Branches:
Dungeon (4/15)
 Temple: D:4-7

Altars:

Shops:
D:2 ?

Annotations:
D:3 Ijyb


Innate Abilities, Weirdness & Mutations

You are a tree.
Your roots penetrate the ground, keeping you stationary.
You cannot be teleported.
You are immune to unholy pain and torment.
Your maximum health is greatly increased.
Your equipment is partially melded.
((You are amphibious.))
((You cover ground slowly.))
((You can hop short distances.))
You have an extended range of vision and can be seen from far away.
((You are sometimes teleported next to monsters.))


Message History

Press: ? - help, Shift-Dir - straight line, f/p - troll
Aim: a troll (59% to hit)
You throw a boomerang of dispersal.
The boomerang of dispersal hits the troll but does no damage.
The troll bites you!
* * * LOW HITPOINT WARNING * * *
The troll barely misses you. x2
As you read the scroll labelled OMINGO HUMI, it crumbles to dust.
It is a scroll of enchant weapon.
Your +0 short sword glows red for a moment.
The troll bites you!
* * * LOW HITPOINT WARNING * * *
The troll barely misses you. The troll completely misses you.
Unknown command.
Hop to where?
Press: ? - help, Dir - move target, p - troll Boing!
Really quaff the potion of lignification? [Y]es or [N]o only, please.
Really quaff the potion of lignification? [Y]es or [N]o only, please.
Really quaff the potion of lignification?
You turn into a tree.
Your +0 helmet melds into your body.
Your +0 ring mail melds into your body.
Your roots penetrate the ground.
It was a potion of mutation.
You feel extremely strange.
You feel weirdly uncertain.
You feel even more weirdly uncertain. The troll bites you but does no damage.
The troll claws you.
* * * LOW HITPOINT WARNING * * *
The troll claws you but does no damage.
It was a potion of curing.
You feel better. The troll barely misses you.
The troll claws you but does no damage. x2
It was a potion of berserk rage.
A red film seems to cover your vision as you go berserk!
You feel yourself moving faster!
You feel mighty! The troll bites you!
* * * LOW HITPOINT WARNING * * *
The troll claws you.
* * * LOW HITPOINT WARNING * * *
The troll claws you but does no damage.
You closely miss the troll. The troll bites you!
You die...

#.# #........###......
#.###.#####....[.....#
#.#...## #.######...#
#..##..## #.# ##.#
#.###.#.###.# #.
#.##....)...#
#.##..#.#####
#..#...## #.#..♣#
######.##T.#####
#.................
#$####.########### #.
#.# #T #.# #. #.# #.
..# ## ###


You could see a troll.

Vanquished Creatures
  Duvessa (D:4)
  A necrophage (D:4)
  An iguana (D:4)
  Terence (D:3)
  A howler monkey zombie (D:4)
  3 worms
  A dart slug (D:3)
  4 orcs
  3 ball pythons
  A bat (D:3)
  6 endoplasms
  3 giant cockroaches (D:2)
  3 hobgoblins
  5 kobolds
  5 quokkas
  2 frilled lizards (D:3)
  2 goblins (D:2)
  2 rats
45 creatures vanquished.

Vanquished Creatures (collateral kills)
  An ogre (D:4)
  A scorpion (D:4)
  Dowan (D:4)
  An orc priest (D:3)
  2 adders
  A worm (D:2)
  An orc (D:3)
  4 ball pythons
  5 bats
  An endoplasm (D:1)
  2 giant cockroaches
  A goblin (D:2)
  A hobgoblin (D:1)
  3 quokkas
  A frilled lizard (D:1)
  3 kobolds
  2 rats (D:1)
31 creatures vanquished.

Grand Total: 76 creatures vanquished

Notes
Turn   | Place    | Note
-------+----------+-------------------------------------------
     0 | D:1      | tilp the Barachi Summoner began the quest for the Orb.
     0 | D:1      | Reached XP level 1. HP: 13/13 MP: 3/3
   318 | D:1      | Reached skill level 1 in Fighting
   643 | D:1      | Reached XP level 2. HP: 6/22 MP: 0/5
   868 | D:1      | Learned a level 2 spell: Call Imp
  2304 | D:2      | Found Fuomu's Magic Scroll Boutique.
  2310 | D:2      | Reached XP level 3. HP: 25/29 MP: 2/6
  2314 | D:2      | Learned a level 3 spell: Call Canine Familiar
  3694 | D:3      | Reached XP level 4. HP: 37/37 MP: 7/7
  3810 | D:3      | HP: 1/37 [orc priest/divine providence (15)]
  4188 | D:3      | Reached skill level 5 in Summonings
  4188 | D:3      | Noticed Terence
  4298 | D:3      | Noticed Ijyb
  4868 | D:3      | Killed Terence
  5104 | D:2      | Bought a scroll of magic mapping for 45 gold pieces
  5141 | D:4      | Noticed Dowan
  5142 | D:4      | Noticed Duvessa
  5236 | D:4      | Noticed a necrophage
  5250 | D:4      | Noticed an ogre
  5253 | D:4      | Reached XP level 5. HP: 39/42 MP: 9/9
  5263 | D:4      | Killed an ogre
  5264 | D:4      | Reached skill level 6 in Summonings
  5447 | D:4      | Killed Duvessa
  5448 | D:4      | Reached XP level 6. HP: 23/48 MP: 2/10
  5633 | D:4      | Killed Dowan
  5747 | D:4      | Killed a necrophage
  5777 | D:4      | Noticed a troll
  6188 | D:4      | Gained mutation: You are occasionally teleported next to
                  | monsters. [potion of mutation]
  6188 | D:4      | Gained mutation: You are sometimes teleported next to
                  | monsters. [potion of mutation]
  6190 | D:4      | HP: 5/108 [troll (5)]
  6191 | D:4      | Slain by a troll

Illustrated notes

Levels and vault maps discovered:
D:1:      nzn_arrival_crosshair, layout_basic
D:2:      layout_rooms, serial_shops, shop
D:3:      layout_loops_corners, palyth_stone_intersect, uniq_terence, uniq_ijyb
D:4:      layout_loops_ring, uniq_duvessa

Skill      XL: |  1  2  3  4  5  6 |
---------------+-------------------+-----
Fighting       | 2 3 4 |  4.0
Summonings     | 5 6 |  6.0
Spellcasting   | 3 |  3.0
Stealth        | 2 4 |  4.0
Dodging        | 3 4 |  4.0

Action                   |  1- 3 |  4- 6 || total
-------------------------+-------+-------++-------
Melee: Unarmed           |    21 |       ||    21
       Short sword       |   107 |    94 ||   201
Throw: Dart              |     9 |    33 ||    42
       Boomerang         |       |     3 ||     3
 Cast: Summon Small Mamm |    40 |       ||    40
       Call Imp          |    19 |    18 ||    37
       Call Canine Famil |       |     8 ||     8
 Abil: Hop               |     2 |     3 ||     5
  Use: Scroll            |     5 |     1 ||     6
       Potion            |       |     4 ||     4
 Stab: Sleeping          |     2 |     3 ||     5
       Distracted        |     1 |       ||     1
Armor: Robe              |    37 |    10 ||    47
       Skin              |       |     5 ||     5
       Ring mail         |       |     3 ||     3
Dodge: Dodged            |   107 |    60 ||   167

Table legend: (Time is in decaauts)
 A = Elapsed time spent in this place.
 B = Non-inter-level travel time spent in this place.
 C = Inter-level travel time spent in this place.
 D = Time resting spent in this place.
 E = Time spent auto-exploring this place.
 F = Levels seen in this place.
 G = Mean time per level.
                   A        B        C        D        E       F      G
               +--------+--------+--------+--------+--------+-----+--------+
         Total |   6775 |   6484 |    291 |    989 |   4522 |   4 | 1693.8 |
       Dungeon |   6775 |   6484 |    291 |    989 |   4522 |   4 | 1693.8 |
               +--------+--------+--------+--------+--------+-----+--------+

Top non-repeatable levels by time:
     D:1: 2385 daAuts
     D:3: 1877 daAuts
     D:2: 1625 daAuts
     D:4: 887 daAuts
